 Dungeon Crawl Stone Soup version 0.19.1 (webtiles) character file.

472 Ladykiller69 the Slasher (level 6, -2/52 HPs)
             Began as a Minotaur Abyssal Knight on Dec 21, 2016.
             Was a Priest of Lugonu.
             Slain by an ogre
             ... wielding a +0 giant club
              (8 damage)
             ... on level 4 of the Dungeon.
             The game lasted 00:08:27 (3569 turns).

Ladykiller69 the Slasher (Minotaur Abyssal Knight)  Turns: 3569, Time: 00:08:28

Health: -2/52      AC:  9    Str: 16    XL:     6   Next: 83%
Magic:  7/7        EV:  8    Int:  9    God:    Lugonu [***...]
Gold:   170        SH:  0    Dex: 12    Spells: 0 memorised, 5 levels left

rFire  . . .     SeeInvis .     a - +1 falchion
rCold  . . .     Gourm    .     q - +0 chain mail
rNeg   . . .     Faith    .     (no shield)
rPois  .         Spirit   .     (helmet restricted)
rElec  .         Reflect  .     (no cloak)
rCorr  .         Harm     .     (no gloves)
MR     .....                    (no boots)
Stlth  ..........               (no amulet)
                                (no ring)
                                (no ring)

@: no status effects
A: retaliatory headbutt, horns 2
a: Depart the Abyss, Bend Space, Banish, Renounce Religion


You were on level 4 of the Dungeon.
You worshipped Lugonu.
Lugonu was most pleased with you.
You were not hungry.

You visited 1 branch of the dungeon, and saw 4 of its levels.
You visited the Abyss 1 time.

You collected 170 gold pieces.

Inventory:

Hand Weapons
 a - a +1 falchion (weapon)
Missiles
 f - 120 stones (quivered)
Armour
 b - a +0 leather armour
 q - a +0 chain mail (worn)
Jewellery
 x - an uncursed amulet of rage {unknown}
Scrolls
 e - 2 scrolls of identify {unknown}
 h - a scroll of teleportation {unknown}
 i - 2 scrolls of amnesia {unknown}
 n - a scroll of random uselessness {unknown}
 p - a scroll of magic mapping {unknown}
 r - 2 scrolls of enchant armour {unknown}
 s - a scroll of fear {unknown}
 v - a scroll of remove curse {unknown}
Potions
 d - 4 potions of degeneration {unknown}
 k - a potion of flight {unknown}
 l - a potion of agility {unknown}
 o - 3 potions of curing {unknown}
 t - a potion of brilliance {unknown}
 u - 2 potions of might {unknown}
 w - a potion of heal wounds {unknown}
 B - a potion of haste {unknown}
Comestibles
 c - 3 bread rations
 j - 4 meat rations
 m - a beef jerky
 z - 7 fruits
 A - a royal jelly


   Skills:
 - Level 4.0 Fighting
 * Level 5.7 Long Blades
 + Level 4.2 Armour
 + Level 3.7 Dodging
 + Level 3.4 Invocations


You had 5 spell levels left.
You didn't know any spells.

Dungeon Overview and Level Annotations

Branches:
Dungeon (4/15)
 Temple: D:4-7

Altars:
Qazlal

Shops:
D:4 *


Innate Abilities, Weirdness & Mutations

You reflexively headbutt those who attack you in melee.
You have a pair of horns on your head.


Message History

You hit the ogre.
You headbutt the ogre, but do no damage.
The ogre is moderately wounded.
You hit the ogre. Your headbutt misses the ogre.
The ogre is moderately wounded.
The ogre hits you with a giant club!
You hit the ogre. You headbutt the ogre!
The ogre is severely wounded.
The ogre hits you with a giant club!
* * * LOW HITPOINT WARNING * * *
You hit the ogre.
The ogre is almost dead.
The ogre hits you with a giant club!
* * * LOW HITPOINT WARNING * * *
You hit the ogre.
The ogre is almost dead.
You barely miss the ogre. You headbutt the ogre.
The ogre is almost dead.
The ogre hits you with a giant club!
You die...

#.#..#>.#.#..[....'...'.รท..(..#..
#.#..#....#.......#...#.......#..
#.#.......##.....##...##.....##..
#.####.##.###...###...###...## .
#.........# ##### #...# #####
######....###...###...###...##
........#.##.....##...##.....##
#######.# #.......#...#.......# #
.# #..?.O@.'...'.......# # ##
#.......#...#.......# #
##.....##...##.....##.. #
##...##....###...###..
##################.############..
.................#...........##..
################.#.###........#..
#.............#.# #........#..
#.........#####.# #........#.[


You could see an ogre.

Vanquished Creatures
  A scorpion (D:4)
  3 orc priests (D:4)
  A hound (D:4)
  5 orc wizards (D:4)
  3 gnolls (D:3)
  4 adders
  4 worms
  A dart slug (D:2)
  6 leopard geckos
  12 orcs
  10 bats
  3 giant cockroaches
  5 hobgoblins
  9 jackals
  9 kobolds
  A ball python (D:1)
  7 frilled lizards
  10 goblins
  11 rats
105 creatures vanquished.

Notes
Turn   | Place    | Note
-------+----------+-------------------------------------------
     0 | Abyss:1  | Ladykiller69 the Minotaur Abyssal Knight began the quest for the Orb.
     0 | Abyss:1  | Reached XP level 1. HP: 19/19 MP: 1/1
    18 | D:1      | Escaped the Abyss
   140 | D:1      | Reached XP level 2. HP: 24/27 MP: 2/2
   183 | D:1      | Reached skill level 3 in Long Blades
   314 | D:1      | Reached ** piety under Lugonu
   570 | D:2      | Reached XP level 3. HP: 33/33 MP: 3/3
   745 | D:2      | Found a faded altar of an unknown god.
  1098 | D:2      | Reached XP level 4. HP: 33/40 MP: 4/4
  1996 | D:3      | Reached *** piety under Lugonu
  2000 | D:3      | Reached skill level 4 in Long Blades
  2279 | D:3      | Reached XP level 5. HP: 46/46 MP: 6/6
  2822 | D:4      | Reached skill level 5 in Long Blades
  2822 | D:4      | Reached XP level 6. HP: 43/52 MP: 7/7
  2938 | D:4      | Found Hyusopt's Assorted Antiques.
  3066 | D:4      | Found a stormy altar of Qazlal.
  3074 | D:4      | Noticed an air elemental
  3074 | D:4      | Noticed a fire elemental
  3074 | D:4      | Noticed a water elemental
  3569 | D:4      | Slain by an ogre

Skill      XL: |  1  2  3  4  5  6 |
---------------+-------------------+-----
Invocations    | 2 3 |  3.4
Long Blades    | 3 4 5 |  5.7
Dodging        | 2 3 |  3.7
Fighting       | 4 |  4.0
Armour         | 3 4 |  4.2

Action                   |  1- 3 |  4- 6 || total
-------------------------+-------+-------++-------
Melee: Falchion          |    80 |   224 ||   304
       Headbutt          |     9 |    46 ||    55
  Eat: Chunk             |     1 |     8 ||     9
Armor: Leather armour    |    18 |       ||    18
       Chain mail        |     8 |   142 ||   150
Dodge: Dodged            |    48 |    58 ||   106
       Rpst.: Falchion   |    10 |    20 ||    30
